 Dungeon Crawl Stone Soup version 0.31-b1-22-gc680215f68 (webtiles) character file.

Game seed: 15720972368436675810

23 dragon4000 the Covered (level 2, 12/26 HPs)
             Began as an Armataur Fighter on Jan 18, 2024.
             Got out of the dungeon alive.
             The game lasted 00:04:29 (282 turns).

dragon4000 the Covered (Armataur Fighter)            Turns: 282, Time: 00:04:29

Health: 12/26      AC:  7    Str: 21    XL:     2   Next: 75%
Magic:  2/2        EV:  7    Int:  8    God:
Gold:   36         SH:  4    Dex:  9    Spells: 1/1 levels left

rFire   . . .        f - +1 dagger (elec)
rCold   . . .        c - +0 buckler
rNeg    . . .        b - +0 scale mail
rPois   .            (no helmet)
rElec   .            (no cloak)
rCorr   .            (no gloves)
SInv    .            (no barding)
Will    .....        (no amulet) Stlth
                     (no ring)
HPRegen 0.24/turn    (no ring)
MPRegen 0.08/turn

%: roll
@: no status effects
A: large, deformed body, tough skin 3, armoured tail, roll 1
a: no special abilities


You escaped.
You visited 1 branch of the dungeon, and saw 1 of its levels.

You collected 36 gold pieces.

Inventory:

Hand Weapons
 a - a +0 flail
 f - a +1 dagger of electrocution (weapon)
Armour
 b - a +0 scale mail (worn)
 c - a +0 buckler (worn)
Scrolls
 e - a scroll of poison {unknown}
Potions
 d - 2 potions of might


   Skills:
 + Level 3.0 Fighting
 + Level 2.0 Maces & Flails
 + Level 4.0 Armour
 + Level 3.6 Shields


You had one spell level left.
You didn't know any spells.
Your spell library was empty.

Dungeon Overview and Level Annotations

Branches:
Dungeon (1/15)

Altars:


Innate Abilities, Weirdness & Mutations

Armour fits poorly on your strangely shaped body.
You have extremely tough skin. (AC +3)
You have a long armoured tail.
You regenerate magic when rolling toward enemies. (Rampage MPRegen)


Message History

A quokka comes into view.
A quokka is nearby!
There are no items here.
You see here a potion of might.
d - 2 potions of might (gained 1)
You barely miss the quokka.
The quokka bites you but does no damage.
The quokka completely misses you.
You closely miss the quokka.
The quokka bites you but does no damage.
You barely miss the quokka. The quokka barely misses you. x2
You barely miss the quokka. The quokka closely misses you.
You hit the quokka.
The quokka is severely wounded.
You block the quokka's attack. x2
Sorry, you're not good enough to have a special ability.
You sock the quokka!
You kill the quokka!
Your Fighting skill increases to level 3!
You see here 5 stones.
A kobold comes into view.
It is wielding a +1 dagger of electrocution.
The kobold shouts!
You roll towards the kobold!
The kobold hits you but does no damage.
You are electrocuted!!
Ouch! That really hurt!
* * * LOW HITPOINT WARNING * * *
You sock the kobold!
You kill the kobold!
Things that are here:
a +1 dagger of electrocution; a kobold corpse
f - a +1 dagger of electrocution You hear the crackle of electricity.
f - a +1 dagger of electrocution (weapon)
There are no objects that can be picked up here. a kobold corpse
Okay, then.
You are too injured to fight recklessly!
Okay, then.
There is a staircase leading out of the dungeon here.
You have escaped!

#.#..#######....................
#†##.######P......P♣............
#.##....##..P...♣.♣♣....>.......
#.##......P♣P♣P................#
#..#(###♣..♣.........P........##
##.........♣..P.P.....♣##.......
##.###.....P.....P.....#>##..##
#..##..P..........)...#.#...##
##.##.P..P...@...P......#.#..)
#.....♣...............##.##..
###...♣..P.....P.P.......####
#...P....P.P....♣P...### #
##....P♣..........#..# #
#.#.....P....P..#...# #
#....PP.P...♣..##..## #
..........P...###..# #
##..........####....#######


There were no monsters in sight!

Vanquished Creatures
  A dart slug (D:1)
  A ball python (D:1)
  2 endoplasms (D:1)
  2 giant cockroaches (D:1)
  A goblin (D:1)
  5 hobgoblins (D:1)
  A quokka (D:1)
  A frilled lizard (D:1)
  3 kobolds (D:1)
  A rat (D:1)
18 creatures vanquished.

Notes
Turn   | Place    | Note
-------+----------+-------------------------------------------
     0 | D:1      | dragon4000 the Armataur Fighter began the quest for the
                  | Orb.
     0 | D:1      | Reached XP level 1. HP: 18/18 MP: 1/1
    30 | D:1      | Reached XP level 2. HP: 23/25 MP: 2/2
   118 | D:1      | Reached skill level 4 in Armour
   282 | D:$      | Got out of the dungeon alive.

Illustrated notes

Levels and vault maps discovered:
D:1:      wander_arrival_fairy_ring, layout_rooms

Skill      XL: |  1  2 |
---------------+-------+-----
Maces & Flails | 2 |  2.0
Armour         | 4 |  4.0
Fighting       | 3 |  3.0
Shields        | |  3.6

Action                     || total
---------------------------++-------
  Melee: Flail             ||    51
         Tailslap          ||     4
 Armour: Scale mail        ||    31
  Dodge: Dodged            ||    15
  Block: Buckler           ||     8
